| TOP OF THE 1ST |
|
West Virginia Power batting - Pitching for Dayton Dragons : LHP Ed Chavez
|
|
Pitching: LHP Ed Chavez
|
|
|
Batting: RHB Ron Corn
|
0-0: Ball 1-0: Ball 2-0: Foul Ball, location: 2F 2-1: Foul Ball, location: 2F 2-2: Strikes out swinging
|
|
Batting: LHB Micah Boshnjaku
|
0-0: Ball 1-0: Called Strike 1-1: Foul Ball, location: 2F 1-2: Ground out 4-3 (Groundball, 4D, EV 106.3 MPH)
|
|
Batting: SHB Francisco Gutierrez
|
0-0: Ball 1-0: Swinging Strike 1-1: Ball 2-1: Ball 3-1: Base on Balls
|
|
Batting: SHB Brad Day
|
0-0: Ball Francisco Gutierrez steals 2nd base 1-0: Ball 2-0: Foul Ball, location: 2F 2-1: Ground out 5-3 (Groundball, 56, EV 84.4 MPH)
|
| Top of the 1st over - 0 runs, 0 hits, 0 errors, 1 left on base; West Virginia 0 - Dayton 0 |
| BOTTOM OF THE 1ST |
|
Dayton Dragons batting - Pitching for West Virginia Power : RHP Nelson Villalva
|
|
Pitching: RHP Nelson Villalva
|
|
|
Batting: LHB Leo Gomez
|
0-0: Ball 1-0: Foul Ball, location: 2F 1-1: Called Strike 1-2: Foul Ball, location: 2F 1-2: Ball 2-2: Ground out 4-3 (Groundball, 4, EV 101.9 MPH)
|
|
Batting: RHB Bruno André
|
0-0: Ball 1-0: Fly out, F6 (Line Drive, 6, EV 70.6 MPH)
|
|
Batting: LHB Chris Grunwald
|
0-0: Called Strike 0-1: Swinging Strike 0-2: Strikes out swinging
|
| Bottom of the 1st over - 0 runs, 0 hits, 0 errors, 0 left on base; West Virginia 0 - Dayton 0 |
| TOP OF THE 2ND |
|
West Virginia Power batting - Pitching for Dayton Dragons : LHP Ed Chavez
|
|
Batting: RHB Jordan Robinson
|
0-0: Called Strike 0-1: Ball 1-1: SOLO HOME RUN (Flyball, 7D, EV 93.1 MPH), Distance : 366 ft
|
|
Batting: RHB Dennis Coppolino
|
0-0: Called Strike 0-1: Ball 1-1: Ball 2-1: Called Strike 2-2: Strikes out looking
|
|
Batting: RHB Ted Goldblatt
|
0-0: Swinging Strike 0-1: Called Strike 0-2: Strikes out swinging
|
|
Batting: RHB Jose Lozano
|
0-0: Foul Ball, location: 2F 0-1: Called Strike 0-2: Foul Ball, location: 2F 0-2: Ball 1-2: Foul Ball, location: 2F 1-2: Foul Ball, location: 2F 1-2: Foul Ball, location: 2F 1-2: Ball 2-2: SINGLE (Groundball, 5S, EV 62.5 MPH) (infield hit)
|
|
Batting: RHB John Beiswenger
|
0-0: Ball 1-0: Called Strike 1-1: Foul Ball, location: 2F 1-2: Ball Jose Lozano steals 2nd base 2-2: Ball 3-2: Foul Ball, location: 2F 3-2: Strikes out swinging
|
| Top of the 2nd over - 1 run, 2 hits, 0 errors, 1 left on base; West Virginia 1 - Dayton 0 |
| BOTTOM OF THE 2ND |
|
Dayton Dragons batting - Pitching for West Virginia Power : RHP Nelson Villalva
|
|
Batting: SHB Kristian Kristensen
|
0-0: Ball 1-0: Ball 2-0: Ball 3-0: Called Strike 3-1: Base on Balls
|
|
Batting: LHB Matthew Berry
|
0-0: Fielders Choice at 2nd, 3-6 (Groundball, 3S, EV 86.9 MPH)
|
|
Batting: RHB Pat Grover
|
0-0: Ball 1-0: Called Strike 1-1: Foul Ball, location: 2F 1-2: Ball 2-2: Strikes out looking
|
|
Batting: RHB Frank Moron
|
0-0: Called Strike 0-1: Foul Ball, location: 2F 0-2: Strikes out swinging
|
| Bottom of the 2nd over - 0 runs, 0 hits, 0 errors, 1 left on base; West Virginia 1 - Dayton 0 |
| TOP OF THE 3RD |
|
West Virginia Power batting - Pitching for Dayton Dragons : LHP Ed Chavez
|
|
Batting: RHB Ron Corn
|
0-0: Ball 1-0: Ball 2-0: Foul Ball, location: 2F 2-1: Ball 3-1: Swinging Strike 3-2: Fly out, F7 (Flyball, 7S, EV 89.4 MPH)
|
|
Batting: LHB Micah Boshnjaku
|
0-0: Ball 1-0: Swinging Strike 1-1: Ball 2-1: Foul Ball, location: 2F 2-2: Ball 3-2: Strikes out swinging
|
|
Batting: SHB Francisco Gutierrez
|
0-0: Ball 1-0: Foul Ball, location: 2F 1-1: Called Strike 1-2: Strikes out looking
|
| Top of the 3rd over - 0 runs, 0 hits, 0 errors, 0 left on base; West Virginia 1 - Dayton 0 |
| BOTTOM OF THE 3RD |
|
Dayton Dragons batting - Pitching for West Virginia Power : RHP Nelson Villalva
|
|
Batting: RHB Tim Walter
|
0-0: Called Strike 0-1: Ground out 6-3 (Groundball, 6M, EV 90.6 MPH)
|
|
Batting: RHB Travis Petrick
|
0-0: Ball 1-0: Ball 2-0: Ball 3-0: Called Strike 3-1: Base on Balls
|
|
Batting: LHB Leo Gomez
|
0-0: Ball 1-0: Called Strike 1-1: Fly out, F8 (Line Drive, 8RD, EV 100.0 MPH)
|
|
Batting: RHB Bruno André
|
0-0: Called Strike 0-1: Ball 1-1: Foul Ball, location: 2F 1-2: Ball 2-2: Fly out, F9 (Flyball, 9, EV 91.3 MPH)
|
| Bottom of the 3rd over - 0 runs, 0 hits, 0 errors, 1 left on base; West Virginia 1 - Dayton 0 |
| TOP OF THE 4TH |
|
West Virginia Power batting - Pitching for Dayton Dragons : LHP Ed Chavez
|
|
Batting: SHB Brad Day
|
0-0: Ball 1-0: Ground out 1-3 (Groundball, 13S, EV 65.6 MPH)
|
|
Batting: RHB Jordan Robinson
|
0-0: Called Strike 0-1: Ball 1-1: Foul Ball, location: 2F 1-2: Foul Ball, location: 2F 1-2: Strikes out swinging, 2-3 out at first.
|
|
Batting: RHB Dennis Coppolino
|
0-0: Called Strike 0-1: Swinging Strike 0-2: Ball 1-2: Strikes out swinging
|
| Top of the 4th over - 0 runs, 0 hits, 0 errors, 0 left on base; West Virginia 1 - Dayton 0 |
| BOTTOM OF THE 4TH |
|
Dayton Dragons batting - Pitching for West Virginia Power : RHP Nelson Villalva
|
|
Batting: LHB Chris Grunwald
|
0-0: Ball 1-0: Ground out U3 (Groundball, 3, EV 85.0 MPH)
|
|
Batting: SHB Kristian Kristensen
|
0-0: Ball 1-0: Ball 2-0: Ball 3-0: Base on Balls
|
|
Batting: LHB Matthew Berry
|
0-0: Called Strike 0-1: Ball 1-1: Fly out, F9 (Flyball, 9LS, EV 93.1 MPH)
|
|
Batting: RHB Pat Grover
|
0-0: Called Strike 0-1: Swinging Strike 0-2: Strikes out swinging
|
| Bottom of the 4th over - 0 runs, 0 hits, 0 errors, 1 left on base; West Virginia 1 - Dayton 0 |
| TOP OF THE 5TH |
|
West Virginia Power batting - Pitching for Dayton Dragons : LHP Ed Chavez
|
|
Batting: RHB Ted Goldblatt
|
0-0: Ball 1-0: Ground out 5-3 (Groundball, 56, EV 100.6 MPH)
|
|
Batting: RHB Jose Lozano
|
0-0: Called Strike 0-1: Ball 1-1: Ball 2-1: Ball 3-1: Ground out 6-3 (Groundball, 6, EV 101.9 MPH)
|
|
Batting: RHB John Beiswenger
|
0-0: SINGLE (Groundball, 56D, EV 105.0 MPH)
|
|
Batting: RHB Ron Corn
|
0-0: Ball 1-0: Ball 2-0: Called Strike 2-1: Foul Ball, location: 2F 2-2: SINGLE (Flyball, 8LS, EV 86.3 MPH) John Beiswenger to second
|
|
Batting: LHB Micah Boshnjaku
|
0-0: Foul Ball, location: 2F 0-1: Called Strike 0-2: Ball 1-2: Strikes out swinging
|
| Top of the 5th over - 0 runs, 2 hits, 0 errors, 2 left on base; West Virginia 1 - Dayton 0 |
| BOTTOM OF THE 5TH |
|
Dayton Dragons batting - Pitching for West Virginia Power : RHP Nelson Villalva
|
|
Batting: RHB Frank Moron
|
0-0: Called Strike 0-1: Hit by Pitch
|
|
Batting: RHB Tim Walter
|
0-0: Ball 1-0: Fly out, F4 (Popup, 3D, EV 69.4 MPH)
|
|
Batting: RHB Travis Petrick
|
0-0: Swinging Strike 0-1: Foul Ball, location: 2F 0-2: Strikes out swinging
|
|
Batting: LHB Leo Gomez
|
0-0: Swinging Strike 0-1: Foul Ball, location: 2F 0-2: Ball 1-2: Ball 2-2: Ground out 4-3 (Groundball, 34, EV 88.8 MPH)
|
| Bottom of the 5th over - 0 runs, 0 hits, 0 errors, 1 left on base; West Virginia 1 - Dayton 0 |
| TOP OF THE 6TH |
|
West Virginia Power batting - Pitching for Dayton Dragons : LHP Ed Chavez
|
|
Batting: SHB Francisco Gutierrez
|
0-0: Ball 1-0: Ball 2-0: Called Strike 2-1: Foul Ball, location: 2F 2-2: Strikes out swinging
|
|
Batting: SHB Brad Day
|
0-0: Ball 1-0: Foul Ball, location: 2F 1-1: Foul Ball, location: 2F 1-2: Ball 2-2: Strikes out swinging
|
|
Batting: RHB Jordan Robinson
|
0-0: Swinging Strike 0-1: Swinging Strike 0-2: TRIPLE (Line Drive, 89XD, EV 110.0 MPH)
|
|
Pitching: RHP Joe Green
|
|
|
Batting: RHB Dennis Coppolino
|
0-0: Ball 1-0: Foul Ball, location: 2F 1-1: Ball 2-1: Called Strike 2-2: 2-RUN HOME RUN (Flyball, 7LD, EV 97.5 MPH), Distance : 346 ft
|
|
Batting: RHB Ted Goldblatt
|
0-0: Called Strike 0-1: Ground out 5-3 (Groundball, 5, EV 89.4 MPH)
|
| Top of the 6th over - 2 runs, 2 hits, 0 errors, 0 left on base; West Virginia 3 - Dayton 0 |
| BOTTOM OF THE 6TH |
|
Dayton Dragons batting - Pitching for West Virginia Power : RHP Nelson Villalva
|
|
Batting: RHB Bruno André
|
0-0: Called Strike 0-1: Called Strike 0-2: Ball 1-2: Foul Ball, location: 2F 1-2: Foul Ball, location: 2F 1-2: Ground out 5-3 (Groundball, 56S, EV 65.0 MPH)
|
|
Batting: LHB Chris Grunwald
|
0-0: Ball 1-0: Foul Ball, location: 2F 1-1: Ball 2-1: Ball 3-1: Foul Ball, location: 2F 3-2: Foul Ball, location: 2F 3-2: SINGLE (Flyball, 6D, EV 96.9 MPH)
|
|
Batting: SHB Kristian Kristensen
|
0-0: Called Strike Chris Grunwald is caught stealing 2nd base 2-6 0-1: SINGLE (Groundball, 34D, EV 108.8 MPH)
|
|
Batting: LHB Matthew Berry
|
0-0: Ball 1-0: Foul Ball, location: 2F 1-1: Foul Ball, location: 2F 1-2: Strikes out swinging
|
| Bottom of the 6th over - 0 runs, 2 hits, 0 errors, 1 left on base; West Virginia 3 - Dayton 0 |
| TOP OF THE 7TH |
|
West Virginia Power batting - Pitching for Dayton Dragons : RHP Joe Green
|
|
Batting: RHB Jose Lozano
|
0-0: Swinging Strike 0-1: Ball 1-1: Called Strike 1-2: Ball 2-2: Ball 3-2: SINGLE (Line Drive, 56, EV 95.6 MPH)
|
|
Batting: RHB John Beiswenger
|
0-0: Ball Jose Lozano steals 2nd base 1-0: Called Strike 1-1: Ball 2-1: Ball 3-1: Foul Ball, location: 2F 3-2: Strikes out looking
|
|
Batting: RHB Ron Corn
|
0-0: Ball Jose Lozano steals 3rd base 1-0: Ball 2-0: Ground out 4-3 (Groundball, 4, EV 89.4 MPH) Jose Lozano scores
|
|
Batting: LHB Micah Boshnjaku
|
0-0: Called Strike 0-1: Foul Ball, location: 2F 0-2: Foul Ball, location: 2F 0-2: Ball 1-2: Ball 2-2: Foul Ball, location: 2F 2-2: SINGLE (Groundball, 4D, EV 104.4 MPH)
|
|
Pitching: RHP Doug Elliott
|
|
|
Batting: SHB Francisco Gutierrez
|
0-0: Ball Micah Boshnjaku steals 2nd base (no throw) 1-0: Called Strike 1-1: Ground out 6-3 (Groundball, 6MS, EV 63.1 MPH)
|
| Top of the 7th over - 1 run, 2 hits, 0 errors, 1 left on base; West Virginia 4 - Dayton 0 |
| BOTTOM OF THE 7TH |
|
Dayton Dragons batting - Pitching for West Virginia Power : RHP Nelson Villalva
|
|
Pitching: RHP Jared Gosselin
|
|
|
Batting: RHB Pat Grover
|
0-0: Ball 1-0: Swinging Strike 1-1: Foul Ball, location: 2F 1-2: Strikes out swinging
|
|
Pinch Hitting: LHB Andrew Hamm
|
0-0: Ball 1-0: Called Strike 1-1: Called Strike 1-2: Ground out 6-3 (Groundball, 6, EV 86.3 MPH)
|
|
Batting: RHB Tim Walter
|
0-0: SINGLE (Line Drive, 89S, EV 93.1 MPH)
|
|
Batting: RHB Travis Petrick
|
0-0: Ball Tim Walter steals 2nd base 1-0: Ball 2-0: Ground out 4-3 (Groundball, 34, EV 107.5 MPH)
|
| Bottom of the 7th over - 0 runs, 1 hit, 0 errors, 1 left on base; West Virginia 4 - Dayton 0 |
| TOP OF THE 8TH |
|
West Virginia Power batting - Pitching for Dayton Dragons : RHP Doug Elliott
|
|
Now at 3B: Jonathan Davis
|
|
|
Batting: SHB Brad Day
|
0-0: Called Strike 0-1: Swinging Strike 0-2: Fly out, F6 (Popup, 6, EV 78.8 MPH)
|
|
Batting: RHB Jordan Robinson
|
0-0: Swinging Strike 0-1: Ball 1-1: Ball 2-1: Called Strike 2-2: Ground out 6-3 (Groundball, 6, EV 106.9 MPH)
|
|
Batting: RHB Dennis Coppolino
|
0-0: Foul Ball, location: 2F 0-1: Foul Ball, location: 2F 0-2: Ball 1-2: Foul Ball, location: 2F 1-2: Strikes out swinging
|
| Top of the 8th over - 0 runs, 0 hits, 0 errors, 0 left on base; West Virginia 4 - Dayton 0 |
| BOTTOM OF THE 8TH |
|
Dayton Dragons batting - Pitching for West Virginia Power : RHP Jared Gosselin
|
|
Batting: LHB Leo Gomez
|
0-0: Ball 1-0: Swinging Strike 1-1: Swinging Strike 1-2: Ball 2-2: Ball 3-2: Ground out 6-3 (Groundball, 6M, EV 76.9 MPH)
|
|
Pitching: RHP Joel Olausson
|
|
|
Batting: RHB Bruno André
|
0-0: Hit by Pitch
|
|
Batting: LHB Chris Grunwald
|
0-0: Ball 1-0: Ball 2-0: Ball 3-0: Called Strike 3-1: Foul Ball, location: 2F 3-2: Base on Balls Bruno André to second
|
|
Batting: SHB Kristian Kristensen
|
0-0: Ball 1-0: Ball 2-0: Ball 3-0: Base on Balls Bruno André to third Chris Grunwald to second
|
|
Batting: LHB Matthew Berry
|
0-0: Swinging Strike 0-1: Called Strike 0-2: Ball 1-2: Ball 2-2: SINGLE (Line Drive, 8RS, EV 105.6 MPH) Bruno André scores Chris Grunwald to third Kristian Kristensen to second
|
|
Batting: RHB Pat Grover
|
0-0: Ball 1-0: Called Strike 1-1: Ball 2-1: DOUBLE (Line Drive, 3D, EV 97.5 MPH) Chris Grunwald scores Kristian Kristensen scores Matthew Berry to third
|
|
Batting: RHB Jonathan Davis
|
0-0: Ball 1-0: Ground out 3-1 (Groundball, 3L, EV 85.6 MPH)
|
|
Batting: RHB Tim Walter
|
0-0: Called Strike 0-1: Foul Ball, location: 2F 0-2: Ball 1-2: Fly out, F7 (Line Drive, 7, EV 93.8 MPH)
|
| Bottom of the 8th over - 3 runs, 2 hits, 0 errors, 2 left on base; West Virginia 4 - Dayton 3 |
| TOP OF THE 9TH |
|
West Virginia Power batting - Pitching for Dayton Dragons : RHP Doug Elliott
|
|
Pitching: RHP Adam McCurdy
|
|
|
Batting: RHB Ted Goldblatt
|
0-0: Called Strike 0-1: Swinging Strike 0-2: Strikes out swinging
|
|
Batting: RHB Jose Lozano
|
0-0: Ball 1-0: Called Strike 1-1: Ground out 4-3 (Groundball, 34, EV 80.0 MPH)
|
|
Batting: RHB John Beiswenger
|
0-0: Foul Ball, location: 2F 0-1: Foul Ball, location: 2F 0-2: Foul Ball, location: 2F 0-2: Ball 1-2: Foul Ball, location: 2F 1-2: Ball 2-2: Strikes out swinging
|
| Top of the 9th over - 0 runs, 0 hits, 0 errors, 0 left on base; West Virginia 4 - Dayton 3 |
| BOTTOM OF THE 9TH |
|
Dayton Dragons batting - Pitching for West Virginia Power : RHP Joel Olausson
|
|
Pitching: RHP Troy Conners
|
|
|
Pinch Hitting: LHB Matt Kennedy
|
0-0: Ground out 1-3 (Groundball, 13S, EV 72.5 MPH)
|
|
Batting: LHB Leo Gomez
|
0-0: Ball 1-0: Fly out, F8 (Flyball, 78M, EV 96.9 MPH)
|
|
Batting: RHB Bruno André
|
0-0: Ball 1-0: Ball 2-0: Foul Ball, location: 2F 2-1: Ball 3-1: Ground out 6-3 (Groundball, 56S, EV 72.5 MPH)
|
| Bottom of the 9th over - 0 runs, 0 hits, 0 errors, 0 left on base; West Virginia 4 - Dayton 3 |
|